 Dungeon Crawl Stone Soup version 0.26.1-11-gd32895ea62 (webtiles) character file.

Game seed: 14390305092024031686

736 dtburroughs the Skirmisher (level 7, -5/63 HPs)
             Began as a Minotaur Berserker on June 16, 2021.
             Was a Priest of Trog.
             Slain by an ogre
             ... wielding a +0 giant spiked club
              (28 damage)
             ... on level 5 of the Dungeon.
             The game lasted 00:06:45 (4779 turns).

dtburroughs the Skirmisher (Minotaur Berserker)     Turns: 4779, Time: 00:06:45

Health: -5/63      AC: 12    Str: 22    XL:     7   Next: 46%
Magic:  6/6        EV:  7    Int:  6    God:    Trog [***...]
Gold:   239        SH:  3    Dex:  9    Spells: 6/6 levels left

rFire    . . .     SeeInvis .   a - +0 hand axe
rCold    . . .     Faith    .   C - +0 buckler
rNeg     . . .     Spirit   .   w - +0 plate armour
rPois    .         Reflect  .   (helmet restricted)
rElec    .         Harm     .   (no cloak)
rCorr    .         Rampage  .   (no gloves)
Will     .....                  (no boots)
Stlth    ..........             (no amulet)
HPRegen  0.20/turn              (no ring)
MPRegen  0.10/turn              (no ring)

@: no status effects
A: retaliatory headbutt, horns 2
a: Renounce Religion, Berserk, Trog's Hand


You were on level 5 of the Dungeon.
You worshipped Trog.
Trog was most pleased with you.
You visited 1 branch of the dungeon, and saw 5 of its levels.

You collected 239 gold pieces.

Inventory:

Hand Weapons
 a - a +0 hand axe (weapon)
 D - a +0 mace
Armour
 w - a +0 plate armour (worn)
 C - a +0 buckler (worn)
Jewellery
 i - a cursed -4 ring of strength {unknown}
 l - an uncursed ring of fire {unknown}
 r - a cursed -4 ring of strength {unknown}
 x - an uncursed amulet of regeneration {unknown}
Wands
 e - a wand of paralysis (6)
 B - a wand of polymorph (5)
Scrolls
 c - 2 scrolls of teleportation {unknown}
 f - 4 scrolls of amnesia {unknown}
 j - 5 scrolls of identify {unknown}
 m - 2 scrolls of remove curse {unknown}
 n - a scroll of magic mapping {unknown}
 o - a scroll of fear {unknown}
 p - a scroll of random uselessness {unknown}
 s - a scroll of enchant weapon {unknown}
 y - a scroll of noise {unknown}
Potions
 b - a potion of brilliance {unknown}
 d - a potion of berserk rage {unknown}
 g - 2 potions of flight {unknown}
 h - a potion of invisibility {unknown}
 k - 2 potions of lignification {unknown}
 q - 3 potions of degeneration {unknown}
 t - a potion of heal wounds {unknown}
 u - a potion of cancellation {unknown}
 v - a potion of attraction {unknown}
 z - a potion of curing
 A - a potion of mutation {unknown}


   Skills:
 + Level 6.1 Fighting
 + Level 6.0 Axes
 + Level 5.3 Armour
 + Level 5.0 Dodging
 + Level 0.4 Shields
 + Level 0.2 Evocations


You had 6 spell levels left.
You didn't know any spells.
Your spell library was empty.

Dungeon Overview and Level Annotations

Branches:
Dungeon (5/15)
 Temple: D:4-7

Altars:

Annotations:
D:5 Pikel


Innate Abilities, Weirdness & Mutations

You reflexively headbutt those who attack you in melee.
You have a pair of horns on your head.


Message History

The lemure is heavily wounded.
The lemure barely misses you. You furiously retaliate!
You headbutt the lemure! You barely miss the lemure.
Your headbutt misses the lemure.
The lemure is severely wounded.
The lemure hits you. The lemure hits you but does no damage.
You closely miss the lemure. You headbutt the lemure.
The lemure is almost dead.
You block the lemure's attack.
You hit the lemure but do no damage. Your headbutt misses the lemure.
The lemure is almost dead.
The lemure hits you.
You slash the lemure!
You kill the lemure!
That felt strangely unrewarding.
You barely miss the ogre. Your headbutt misses the ogre.
The ogre hits you with a +0 giant spiked club!
You slash the ogre! Your headbutt misses the ogre.
The ogre is moderately wounded.
The ogre hits you with a +0 giant spiked club!!
You die...

#.........#
.
#.####.##.#
.# #.
#....# $#
..
#....#..#
##.
#..#.#..#
##
#.......#
##Z..##.#
######..# #
#..@O55Z#
#######.#
...# ...#
.5Z.# ...$#
.....#


You could see an ogre, a lemure, a white imp and a bullfrog skeleton.

Vanquished Creatures
  Sigmund (D:4)
  An ogre (D:4)
  2 lemures (D:5)
  A wyvern zombie (D:2)
  A howler monkey (D:4)
  A hound (D:5)
  2 orc wizards (D:4)
  An iguana (D:5)
  Ijyb (D:4)
  A hound skeleton (D:4)
  4 adders
  6 gnolls
  A howler monkey skeleton (D:4)
  5 oozes
  An adder zombie (D:5)
  2 worms (D:3)
  2 dart slugs
  6 leopard geckos
  9 orcs
  A ball python (D:2)
  5 bats
  4 giant cockroaches
  8 goblins
  7 hobgoblins
  7 jackals
  8 kobolds
  3 quokkas
  6 frilled lizards
  A hobgoblin zombie (D:5)
  2 kobold zombies (D:5)
  12 rats
112 creatures vanquished.

Notes
Turn   | Place    | Note
-------+----------+-------------------------------------------
     0 | D:1      | dtburroughs the Minotaur Berserker began the quest for the
                  | Orb.
     0 | D:1      | Reached XP level 1. HP: 19/19 MP: 0/0
   156 | D:1      | Reached XP level 2. HP: 25/27 MP: 1/1
   609 | D:1      | Reached XP level 3. HP: 29/33 MP: 2/2
  1061 | D:1      | Reached ** piety under Trog
  1379 | D:2      | Reached XP level 4. HP: 16/41 MP: 3/3
  2168 | D:2      | Reached XP level 5. HP: 24/47 MP: 4/4
  2727 | D:3      | Reached *** piety under Trog
  2857 | D:3      | You fall into a shaft and drop 2 floors!
  2857 | D:5      | Entered Level 5 of the Dungeon
  2866 | D:5      | Reached skill level 5 in Fighting
  2995 | D:3      | Reached skill level 5 in Axes
  3379 | D:4      | Noticed Sigmund
  3408 | D:4      | Killed Sigmund
  3409 | D:4      | Reached XP level 6. HP: 35/56 MP: 5/5
  3678 | D:4      | Reached XP level 7. HP: 52/62 MP: 6/6
  3689 | D:4      | Reached skill level 5 in Armour
  4160 | D:4      | Noticed Ijyb
  4172 | D:4      | Killed Ijyb
  4426 | D:5      | Reached **** piety under Trog
  4442 | D:5      | Noticed Pikel
  4742 | D:5      | Reached skill level 5 in Dodging
  4779 | D:5      | Slain by an ogre

Illustrated notes

Levels and vault maps discovered:
D:1:      psy_arrival_whirlpool, layout_loops_ring
D:2:      layout_basic, kennysheep_generic_room_5
D:3:      layout_basic
D:4:      layout_loops_ring, uniq_ijyb, uniq_sigmund
D:5:      layout_basic, grunt_qazlal_sundering, serial_curves, eino_curves_04,
          eino_curves_01, minmay_mini_ossuary, uniq_duvessa, uniq_pikel

Skill      XL: |  1  2  3  4  5  6  7 |
---------------+----------------------+-----
Fighting       | 4 5 6 |  6.1
Axes           | 4 5 6 |  6.0
Armour         | 3 4 5 |  5.3
Dodging        | 3 4 5 |  5.0
Shields        | |  0.4
Evocations     | |  0.2

Action                   |  1- 3 |  4- 6 |  7- 9 || total
-------------------------+-------+-------+-------++-------
Melee: Hand axe          |    73 |   159 |   114 ||   346
       Headbutt          |    16 |    25 |    20 ||    61
Invok: Trog's Hand       |       |     1 |     1 ||     2
Evoke: Wand              |       |       |     2 ||     2
 Stab: Paralysed         |       |       |     6 ||     6
Armor: Animal skin       |     4 |       |       ||     4
       Leather armour    |     8 |     1 |       ||     9
       Ring mail         |       |    21 |       ||    21
       Plate armour      |       |    44 |    47 ||    91
Dodge: Dodged            |    39 |    97 |    37 ||   173
Block: Buckler           |       |       |    12 ||    12
